 Dungeon Crawl Stone Soup version 0.24-a0-520-g8fd06ad (webtiles) character file.

Game seed: 7142410074501075102

1078 Spazmo the Scholar of Death (level 8, 0/41 HPs)
             Began as a Deep Elf Necromancer on July 23, 2019.
             Was a Follower of Kikubaaqudgha.
             Killed from afar by a deep elf elementalist (41 damage)
             ... with a freezing blast
             ... on level 1 of the Abyss.
             The game lasted 00:23:16 (5124 turns).

Spazmo the Scholar of Death (Deep Elf Necromancer)  Turns: 5124, Time: 00:23:17

Health: 0/41       AC:  8    Str:  5    XL:     8   Next: 8%
Magic:  23/23      EV: 13    Int: 23    God:    Kikubaaqudgha [*.....]
Gold:   323        SH:  0    Dex: 15    Spells: 13/25 levels left

rFire    . . .     SeeInvis .   e - +1 short sword
rCold    . . .     Gourm    .   (no shield)
rNeg     . . .     Faith    .   a - +0 robe
rPois    +         Spirit   .   (no helmet)
rElec    .         Reflect  .   j - +1 cloak
rCorr    .         Harm     .   (no gloves)
MR       .....                  (no boots)
Stlth    ++........             r - amulet of regeneration
HPRegen  0.53/turn              h - ring of poison resistance
MPRegen  0.18/turn              (no ring)

@: no status effects
A: icy blue scales 1, slimy green scales 1
a: Receive Corpses, Renounce Religion


You were on level 1 of the Abyss.
You worshipped Kikubaaqudgha.
Kikubaaqudgha was aware of your devotion.
You were not hungry.

You visited 1 branch of the dungeon, and saw 6 of its levels.
You visited the Abyss 1 time.

You collected 323 gold pieces.

Inventory:

Hand Weapons
 e - a +1 short sword (weapon)
 u - a +2 short sword of freezing
Missiles
 f - 138 stones (quivered)
Armour
 a - a +0 robe (worn)
 j - a +1 cloak (worn)
Jewellery
 h - a ring of poison resistance (left hand)
 r - an amulet of regeneration (around neck)
Wands
 m - a wand of acid (10)
 s - a wand of scattershot (8)
Scrolls
 g - 7 scrolls of identify
 k - a scroll of teleportation {unknown}
 n - a scroll of magic mapping
Potions
 b - a potion of degeneration {unknown}
 d - a potion of heal wounds
 i - 2 potions of might
 l - a potion of magic {unknown}
 p - a potion of haste {unknown}
 q - a potion of curing {unknown}
 t - a potion of lignification {unknown}
 v - a potion of agility {unknown}
Comestibles
 c - 8 rations


   Skills:
 - Level 2.4 Dodging
 - Level 2.4 Stealth
 + Level 9.0 Spellcasting
 - Level 3.2 Charms
 + Level 9.1 Necromancy


You had 13 spell levels left.
You knew the following spells:

 Your Spells              Type           Power        Failure   Level  Hunger
a - Pain                  Necr           ####         1%          1    None
b - Animate Skeleton      Necr           N/A          1%          1    None
c - Regeneration          Chrm/Necr      #####.....   1%          3    None
d - Vampiric Draining     Necr           ######....   1%          3    None
e - Animate Dead          Necr           N/A          1%          4    ##.....

Your spell library contained the following spells:

 Spells                   Type           Power        Failure   Level  Hunger
 Corpse Rot               Necr           N/A          1%          2    None
 Sublimation of Blood     Necr           ######....   1%          2    None


Dungeon Overview and Level Annotations

Branches:
Dungeon (6/15)             Temple (0/1) D:5

Altars:
Kikubaaqudgha
Nemelex Xobeh
Qazlal
Yredelemnul
The Shining One


Innate Abilities, Weirdness & Mutations

You are partially covered in icy blue scales. (AC +2)
You are partially covered in slimy green scales. (AC +2)


Message History

f - 138 stones (gained 25)
A revenant comes into view.
All of the chunks of flesh in your inventory have rotted away.
A wraith comes into view.
A small abomination comes into view.
You eat one of the 9 rations.
That ration really hit the spot!
A draconian annihilator and a deep elf elementalist come into view.
The yellow draconian annihilator roars!
The deep elf elementalist shouts!
The yellow draconian annihilator mumbles some strange words.
The yellow draconian annihilator blinks!
The deep elf elementalist casts a spell.
The deep elf elementalist seems to speed up.
Some walls begin to move on their own!
Something shouts, "Begone, thou baffled elf-skinned harpy!"
You hear a shout!
A quasit comes into view.
The deep elf elementalist gestures at you while chanting.
The freezing blast engulfs you!!!
Ouch! That really hurt!
You die...
Kikubaaqudgha rasps: "You have failed me!
Welcome... death!"

. #.#..## ## . #.
.###.##..# .# ##.
..##.. .#.#..
#.##.#.##...# ##.
5#._..# . .....##
##.>._.##..#. ...#
#._..._.####. #..#
#._._.....#. #.##.
#@...._..#....###.
#...__..####..# #
##.._.#.#.#.## ..#
#.##..###(.##..# #
######e# .##. #...
#E #....#. .
###.E...#. #
#...##..#..# #..
## ....


You could see a deep elf elementalist.

Vanquished Creatures
  2 orc warriors (D:6)
  2 ogres
  A bullfrog (D:4)
  Dowan (D:4)
  A scorpion (D:5)
  A crimson imp (D:5)
  A bullfrog zombie (D:5)
  2 orc priests (D:6)
  An iguana (D:5)
  2 worker ants (D:4)
  2 orc wizards (D:6)
  8 adders
  3 gnolls (D:5)
  3 oozes
  An adder zombie (D:5)
  An adder skeleton (D:5)
  2 worms (D:4)
  A dart slug (D:3)
  5 leopard geckos
  13 orcs
  A ball python (D:1)
  2 giant cockroaches
  7 goblins
  7 hobgoblins
  12 jackals
  A quokka (D:3)
  4 bats
  5 frilled lizards
  10 kobolds
  5 rats
107 creatures vanquished.

Vanquished Creatures (collateral kills)
  Duvessa (D:4)
  An ice beast (D:5)
  An iguana (D:4)
  An adder (D:5)
  A gnoll (D:5)
  2 worms
  An orc (D:6)
  2 giant cockroaches (D:2)
  A hobgoblin (D:2)
  2 jackals (D:1)
  A rat (D:1)
14 creatures vanquished.

Grand Total: 121 creatures vanquished

Notes
Turn   | Place    | Note
-------+----------+-------------------------------------------
     0 | D:1      | Spazmo the Deep Elf Necromancer began the quest for the
                  | Orb.
     0 | D:1      | Reached XP level 1. HP: 10/10 MP: 6/6
    95 | D:1      | Reached skill level 5 in Necromancy
   195 | D:1      | Reached XP level 2. HP: 2/15 MP: 2/8
   288 | D:1      | Learned a level 1 spell: Animate Skeleton
  1123 | D:2      | Reached XP level 3. HP: 14/19 MP: 7/10
  1133 | D:2      | Learned a level 3 spell: Regeneration
  1137 | D:2      | Learned a level 3 spell: Vampiric Draining
  1587 | D:2      | Reached XP level 4. HP: 17/24 MP: 7/12
  1593 | D:2      | Learned a level 4 spell: Animate Dead
  2044 | D:2      | Reached skill level 5 in Spellcasting
  2309 | D:3      | Found a sparkling altar of Nemelex Xobeh.
  2495 | D:3      | Found a stormy altar of Qazlal.
  3121 | D:4      | Reached XP level 5. HP: 28/28 MP: 11/14
  3164 | D:4      | Reached skill level 1 in Charms
  3173 | D:4      | Gained mutation: You are partially covered in icy blue
                  | scales. (AC +2) [potion of mutation]
  3173 | D:4      | Gained mutation: You are partially covered in slimy green
                  | scales. (AC +2) [potion of mutation]
  3368 | D:4      | Found a basalt altar of Yredelemnul.
  3381 | D:4      | Noticed a profane servitor
  3388 | D:4      | Found a glowing golden altar of the Shining One.
  3390 | D:4      | Noticed an angel
  3429 | D:4      | Noticed an ogre
  3436 | D:4      | Killed an ogre
  3436 | D:4      | Reached XP level 6. HP: 16/32 MP: 9/17
  3519 | D:4      | Noticed Duvessa
  3532 | D:4      | Noticed Dowan
  3539 | D:4      | Killed Duvessa
  3555 | D:4      | Killed Dowan
  3579 | D:4      | Found an ancient bone altar of Kikubaaqudgha.
  3787 | D:5      | Entered Level 5 of the Dungeon
  3791 | D:5      | Reached XP level 7. HP: 34/36 MP: 13/19
  4225 | D:5      | Found a staircase to the Ecumenical Temple.
  4628 | D:4      | Became a worshipper of Kikubaaqudgha
  5028 | D:6      | Reached * piety under Kikubaaqudgha
  5028 | D:6      | Identified Kikubaaqudgha's Collected Works on Darkness
                  | (Kikubaaqudgha gifted it to you on level 6 of the Dungeon)
  5028 | D:6      | Received a gift from Kikubaaqudgha
  5028 | D:6      | Reached XP level 8. HP: 39/41 MP: 16/23
  5035 | D:6      | Cast into level 1 of the Abyss (orc wizard)
  5066 | Abyss:1  | Found a shimmering altar of Xom.
  5066 | Abyss:1  | Found a shimmering altar of Xom.
  5073 | Abyss:1  | Found a corrupted altar of Lugonu.
  5073 | Abyss:1  | Found a shimmering altar of Xom.
  5073 | Abyss:1  | Found a shimmering altar of Xom.
  5073 | Abyss:1  | Found a shimmering altar of Xom.
  5073 | Abyss:1  | Found a shimmering altar of Xom.
  5075 | Abyss:1  | Found a shimmering altar of Xom.
  5075 | Abyss:1  | Found a shimmering altar of Xom.
  5077 | Abyss:1  | Found a shimmering altar of Xom.
  5080 | Abyss:1  | Noticed a revenant
  5112 | Abyss:1  | Noticed a yellow draconian annihilator
  5112 | Abyss:1  | Noticed a deep elf elementalist
  5114 | Abyss:1  | Found a shimmering altar of Xom.
  5114 | Abyss:1  | Found a shimmering altar of Xom.
  5114 | Abyss:1  | Found a shimmering altar of Xom.
  5115 | Abyss:1  | Found a shimmering altar of Xom.
  5124 | Abyss:1  | Killed from afar by a deep elf elementalist

Levels and vault maps discovered:
D:1:      nicolae_arrival_memento_mori, layout_basic
D:2:      layout_loops_cross, kennysheep_flooded_box
D:3:      layout_loops_corners, nicolae_overflow_crystal_walls,
          nicolae_qazlal_general_emergency
D:4:      layout_rooms, grunt_temple_overflow_holy_war,
          nicolae_overflow_hidden_temple, minmay_misc_feat_cross, uniq_duvessa
D:5:      kennysheep_spiral_hall, layout_loops_ring,
          minmay_temple_entry_from_below_a, first_ration
D:6:      layout_basic, lemuel_round_altar, lemuel_blue_sif_altar
Abyss:1:  bh_abyss_xom_lugonu_altar

Skill      XL: |  1  2  3  4  5  6  7 |
---------------+----------------------+-----
Necromancy     | 5 6 7 9 |  9.1
Spellcasting   | 4 5 6 7 9 |  9.0
Charms         | 3 |  3.2
Dodging        | |  2.4
Stealth        | |  2.4

Action                   |  1- 3 |  4- 6 |  7- 9 || total
-------------------------+-------+-------+-------++-------
Melee: Short sword       |     6 |    34 |    36 ||    76
Throw: Stone             |       |     2 |       ||     2
 Cast: Pain              |    57 |    90 |    81 ||   228
       Animate Skeleton  |    11 |     7 |     4 ||    22
       Animate Dead      |       |    11 |    10 ||    21
Evoke: Wand              |       |       |     3 ||     3
  Use: Scroll            |     3 |     4 |     1 ||     8
       Potion            |     1 |     3 |       ||     4
 Stab: Sleeping          |       |     3 |       ||     3
  Eat: Chunk             |     2 |     5 |     4 ||    11
       Ration            |       |     1 |     1 ||     2
Armor: Robe              |     4 |    16 |    16 ||    36
Dodge: Dodged            |    13 |    42 |    43 ||    98

Table legend:
 A = Non-vault XP
 B = Vault XP
 C = Vault XP percentage of total XP
 D = Non-vault monster count
 E = Vault monster count
 F = Vault count percentage of total count
                 A         B        C        D         E       F
            +---------+---------+-------+---------+---------+-------
      Total |    1301 |     240 |  15.6 |     116 |       5 |   4.1
            +---------+---------+-------+---------+---------+-------
        D:1 |      29 |       0 |   0.0 |      17 |       0 |   0.0
        D:2 |     110 |       0 |   0.0 |      27 |       0 |   0.0
        D:3 |      44 |       0 |   0.0 |      22 |       0 |   0.0
        D:4 |     355 |     142 |  28.6 |      12 |       2 |  14.3
        D:5 |     285 |      98 |  25.6 |      20 |       3 |  13.0
        D:6 |     478 |       0 |   0.0 |      18 |       0 |   0.0
            +---------+---------+-------+---------+---------+-------
